 Dungeon Crawl Stone Soup version 0.27-a0-1186-g8b4daa1eef (webtiles) character file.

Game seed: 18217728428565905772

310 siradein the Slasher (level 6, -3/114 HPs)
             Began as a Minotaur Fighter on May 19, 2021.
             Slain by a kobold brigand
             ... wielding a +2 short sword of venom
              (8 damage)
             ... in a sewer.
             The game lasted 00:12:08 (4160 turns).

siradein the Slasher (Minotaur Fighter)             Turns: 4160, Time: 00:12:09

Health: -3/114     AC: 23    Str: 22    XL:     6   Next: 17%
Magic:  5/5        EV:  2    Int:  5    God:
Gold:   88         SH:  9    Dex: 10    Spells: 5/5 levels left

rFire    . . .     SeeInvis .   a - +0 long sword
rCold    . . .     Faith    .   c - +0 kite shield
rNeg     + + +     Spirit   .   (armour currently unavailable)
rPois    +         Reflect  .   (helmet currently unavailable)
rElec    .         Harm     .   (cloak currently unavailable)
rCorr    .         Rampage  .   (gloves currently unavailable)
Will     .....     NoTele   +   (boots currently unavailable)
Stlth    ..........             (no amulet)
HPRegen  0.29/turn              g - +4 ring of evasion
MPRegen  0.09/turn              (no ring)

@: berserking, tree-form, very quick
A: stationary, stasis, torment immunity, boosted hp, (horns 2), (retaliatory
headbutt)
a: no special abilities


You were in a sewer.
You were a tree.
You visited 1 branch of the dungeon, and saw 4 of its levels.
You also visited: Sewer.

You collected 88 gold pieces.

Inventory:

Hand Weapons
 a - a +0 long sword (weapon)
Armour
 c - a +0 kite shield (worn)
 l - a +0 chain mail (melded)
Jewellery
 g - a +4 ring of evasion (left branch)
Scrolls
 b - a scroll of amnesia
 h - a scroll of fog
 j - 2 scrolls of teleportation {unknown}
 k - a scroll of enchant weapon {unknown}
 m - a scroll of acquirement {unknown}
 n - a scroll of blinking {unknown}
 p - a scroll of fear {unknown}
Potions
 d - 2 potions of might
 e - a potion of berserk rage
 f - a potion of curing
 i - a potion of magic {unknown}


   Skills:
 - Level 3.6 Fighting
 + Level 7.9 Long Blades
 - Level 3.6 Armour
 - Level 3.6 Shields


You had 5 spell levels left.
You didn't know any spells.
Your spell library contained the following spells:

 Spells                   Type           Power      Damage    Failure   Level
 Shock                    Conj/Air       0%         1d3       93%         1
 Static Discharge         Conj/Air       0%         N/A       98%         2
 Swiftness                Air            0%         N/A       100%        3
 Airstrike                Air            0%         N/A       100%        4
 Lightning Bolt           Conj/Air       0%         1d11      100%        5


Dungeon Overview and Level Annotations

Branches:
Dungeon (4/15)              Sewer (1/1)
 Temple: D:4-7

Altars:


Innate Abilities, Weirdness & Mutations

You are a tree.
Your roots penetrate the ground, keeping you stationary.
You cannot be teleported.
You are immune to unholy pain and torment.
Your maximum health is greatly increased.
Your equipment is partially melded.
((You have a pair of horns on your head.))
((You reflexively headbutt those who attack you in melee.))


Message History

The kobold brigand splashes around in the water.
The kobold brigand hits you but does no damage.
The kobold brigand splashes around in the water.
You closely miss the kobold brigand.
The kobold brigand is severely wounded.
You feel sick.
The kobold brigand hits you but does no damage. x2
You closely miss the kobold brigand.
The kobold brigand is severely wounded.
You feel sick.
The kobold brigand hits you but does no damage.
The kobold brigand splashes around in the water.
You barely miss the kobold brigand.
The kobold brigand is severely wounded.
You feel sick.
The kobold brigand hits you with a +0 short sword.
* * * LOW HITPOINT WARNING * * *
The kobold brigand hits you but does no damage.
You block the kobold brigand's attack.
A red film seems to cover your vision as you go berserk!
You feel yourself moving faster!
You feel mighty!
You feel sick.
The kobold brigand splashes around in the water.
You block the kobold brigand's attack.
You slash the kobold brigand!
You kill the kobold brigand!
You hear a splash. x2
You feel sick. You block the kobold brigand's attack.
You have reached level 6!
Your experience leads to an increase in your attributes!
Increase (S)trength, (I)ntelligence, or (D)exterity?
You feel stronger.
You miss the kobold brigand.
The kobold brigand is lightly wounded.
You feel sick.
You are no longer poisoned.
The kobold brigand splashes around in the water.
You closely miss the kobold brigand.
The kobold brigand is lightly wounded.
The kobold brigand hits you with a +2 short sword of venom!
You die...

###≈≈≈≈≈≈≈≈≈####.≈
##..≈.≈≈≈≈..≈≈≈####
#.≈≈.≈#####..≈..#
#≈≈..## ##≈≈≈≈#
#.≈.## ##..≈# #.≈≈#
#≈≈≈# #.≈≈# #..≈#
##K≈≈## ##..≈##
#≈)♣≈≈# #..≈≈≈#
#≈###.# #≈###.# #≈#
#≈# #≈# #≈#
#≈###≈## ##≈###≈##
≈≈≈#.≈≈# #≈≈.#.≈≈#
≈#≈#≈#≈# #≈#≈#≈#≈#
#≈ K#≈#≈# #≈#≈#≈#≈#
#K ≈#≈#≈# #≈#≈#≈#≈#
#. .#.#.# #.#.#.#.#


You could see a kobold brigand.

Vanquished Creatures
  A kobold brigand (Sewer)
  9 gnolls
  4 adders
  2 river rats
  An adder skeleton (D:4)
  A worm (D:2)
  2 dart slugs (D:1)
  6 orcs
  7 ball pythons
  5 endoplasms
  7 giant cockroaches
  10 goblins
  5 hobgoblins
  5 jackals
  6 bats
  5 frilled lizards
  6 kobolds
  5 rats
87 creatures vanquished.

Notes
Turn   | Place    | Note
-------+----------+-------------------------------------------
     0 | D:1      | siradein the Minotaur Fighter began the quest for the Orb.
     0 | D:1      | Reached XP level 1. HP: 19/19 MP: 0/0
   218 | D:1      | Reached skill level 3 in Long Blades
   233 | D:1      | Reached XP level 2. HP: 17/26 MP: 1/1
   398 | D:1      | Reached skill level 4 in Long Blades
   530 | D:1      | Reached XP level 3. HP: 28/31 MP: 2/2
   900 | D:1      | Found a faded altar of an unknown god.
  1532 | D:2      | Reached skill level 5 in Long Blades
  1646 | D:1      | Reached XP level 4. HP: 31/39 MP: 3/3
  2160 | D:2      | Reached skill level 6 in Long Blades
  2714 | D:3      | Reached XP level 5. HP: 27/45 MP: 4/4
  3501 | D:3      | Reached skill level 7 in Long Blades
  3889 | D:4      | Found a glowing drain.
  3899 | Sewer    | Entered a sewer
  4157 | Sewer    | HP: 5/100 [poisoned by a kobold brigand]
  4159 | Sewer    | Reached XP level 6. HP: 5/51 MP: 5/5
  4160 | Sewer    | Slain by a kobold brigand

Illustrated notes

Levels and vault maps discovered:
D:1:      dpeg_arrival_circle_labyrinth_c, layout_basic,
          shapermc_ecumenical_altar_hornbeckon, minmay_misc_feat_tiny,
          minmay_tiny_reverse_x
D:2:      minmay_alternating_diamond, layout_basic, st_stairs_14
D:3:      layout_basic
D:4:      layout_layer_cave, kennysheep_little_box, portal_sewer_entry_b,
          kennysheep_doodads
Sewer:    sewer_co_tree

Skill      XL: |  1  2  3  4  5 |
---------------+----------------+-----
Long Blades    | 3 4 5 6 7 |  7.9
Fighting       | |  3.6
Armour         | |  3.6
Shields        | |  3.6

Action                   |  1- 3 |  4- 6 || total
-------------------------+-------+-------++-------
Melee: Long sword        |    78 |   138 ||   216
       Headbutt          |    11 |    19 ||    30
  Use: Scroll            |       |     6 ||     6
       Potion            |       |     3 ||     3
Armor: Scale mail        |    48 |       ||    48
       Chain mail        |    12 |    47 ||    59
       Skin              |       |     6 ||     6
Dodge: Dodged            |    35 |    39 ||    74
Block: Kite shield       |    46 |    69 ||   115
       Rpst.: Long sword |    13 |    13 ||    26

Table legend: (Time is in decaauts)
 A = Elapsed time spent in this place.
 B = Non-inter-level travel time spent in this place.
 C = Inter-level travel time spent in this place.
 D = Time resting spent in this place.
 E = Time spent auto-exploring this place.
 F = Levels seen in this place.
 G = Mean time per level.
                   A        B        C        D        E       F      G
               +--------+--------+--------+--------+--------+-----+--------+
         Total |   4301 |   4184 |    117 |    215 |   3219 |   5 |  860.2 |
       Dungeon |   3978 |   3861 |    117 |    210 |   2984 |   4 |  994.5 |
         Sewer |    322 |    322 |      0 |      5 |    235 |   1 |  322.0 |
               +--------+--------+--------+--------+--------+-----+--------+

Top non-repeatable levels by time:
     D:2: 1463 daAuts
     D:1: 1347 daAuts
     D:3: 1057 daAuts
   Sewer: 322 daAuts
     D:4: 110 daAuts
